 Dungeon Crawl Stone Soup version 0.18.1-8-gdd0e5ea (console) character file.

47320 Kloppie the Grappler (level 14, -1/139 HPs)
             Began as a Deep Dwarf Monk on June 5, 2016.
             Was the Champion of Makhleb.
             Slain by an ettin
             ... wielding a +0 dire flail
              (20 damage)
             ... on level 1 of the Orcish Mines.
             The game lasted 00:55:06 (17568 turns).

Kloppie the Grappler (Deep Dwarf Monk)             Turns: 17568, Time: 00:55:07

Health: -1/139     AC: 26    Str: 20    XL:     14   Next: 8%
Magic:  5/5        EV:  8    Int: 14    God:    Makhleb [******]
Gold:   1134       SH:  0    Dex: 17    Spells: 0 memorised, 13 levels left

rFire  . . .     SeeInvis .       - Unarmed
rCold  + . .     Gourm    .     a - +0 plate armour
rNeg   + . .     Faith    .     (no shield)
rPois  +         Spirit   .     o - +1 hat {Int+3}
rElec  .         Dismiss  .     j - +0 cloak of Elyvilon's Outrage {rC+}
rCorr  .         Reflect  .     r - +1 pair of gloves
SustAt .         Harm     .     M - +0 pair of boots
MR     ++...                    v - amulet of magic regeneration
Stlth  ..........               w - +4 ring of protection
                                U - ring of poison resistance

@: non-regenerating, very resistant to hostile enchantments, extremely
unstealthy
A: damage resistance, recharge devices, horns 1, agile 1, negative energy
resistance 1, sense surroundings 2, slow regeneration 3
a: Device Recharging, Minor Destruction, Lesser Servant of Makhleb, Major
Destruction, Greater Servant of Makhleb, Renounce Religion


You were on level 1 of the Orcish Mines.
You worshipped Makhleb.
Makhleb was exalted by your worship.
You were not hungry.

You visited 3 branches of the dungeon, and saw 18 of its levels.
You also visited: Ossuary.

You collected 1183 gold pieces.
You spent 49 gold pieces at shops.

Inventory:

Armour
 a - a +0 plate armour (worn)
 j - the +0 cloak of Elyvilon's Outrage (worn) {rC+}
   (You found it on level 1 of the Lair of Beasts)

   It protects you from cold.
 o - a +1 hat of intelligence (worn)
 r - a +1 pair of gloves (worn)
 M - a +0 pair of boots (worn)
Jewellery
 k - an uncursed ring of protection from magic
 v - an amulet of magic regeneration (around neck)
 w - a +4 ring of protection (right hand)
 z - an uncursed ring of protection from cold
 F - an uncursed ring of protection from magic
 L - an uncursed ring of resist corrosion
 P - an uncursed ring of protection from cold
 U - a ring of poison resistance (left hand)
Wands
 b - a wand of heal wounds (3/9)
 g - a wand of iceblast (11/15)
 x - a wand of digging (10/24)
 E - a wand of teleportation (3/9)
 G - a wand of confusion (0/48)
 K - a wand of paralysis (13/24)
 N - a wand of iceblast (10/15)
Scrolls
 d - 6 scrolls of remove curse
 e - 8 scrolls of teleportation
 l - 6 scrolls of identify
 C - 2 scrolls of enchant armour
 D - a scroll of fear
Potions
 f - 11 potions of curing
 i - a potion of lignification
 m - 4 potions of haste
 p - 4 potions of resistance
 s - 2 potions of cancellation
 u - 2 potions of flight
 T - a potion of heal wounds
Comestibles
 c - 6 bread rations
 h - 3 chunks of flesh
 n - 10 meat rations
 J - 8 royal jellies


   Skills:
 + Level 12.6 Fighting
 + Level 12.7 Armour
 - Level 3.2 Dodging
 - Level 2.4 Stealth
 + Level 13.6 Unarmed Combat
 - Level 11.1 Invocations


You had 13 spell levels left.
You didn't know any spells.

Dungeon Overview and Level Annotations

Branches:
Dungeon (10/15)            Temple (0/1) D:6            Lair (7/8) D:10
  Swamp (0/4) Lair:6       Spider (0/4) Lair:5        Slime (0/6) Lair:6
    Orc (1/2) D:9

Altars:
Ashenzari
Dithmenos
Elyvilon
Fedhas
Gozag
Kikubaaqudgha
Makhleb
Nemelex Xobeh
Qazlal
Sif Muna
Trog
Vehumet
The Shining One
Jiyva

Shops:
D:7 ?

Annotations:
D:10 Fannar
Lair:4 maxonian's ghost, journeyman GrEE
Lair:6 1 runed door


Innate Abilities, Weirdness & Mutations

You are resistant to damage.
You can recharge devices by infusing magical energy.
You resist negative energy.
You passively map the area around you.
You do not regenerate naturally.
You have a pair of small horns on your head.
You are agile. (Dex +2)


Message History

The orc warrior hits you from afar with a glaive!
The orc hits you but does no damage.
You pummel the ettin!!
The ettin is heavily wounded.
The orc closely misses you.
You hit the ettin but do no damage.
You headbutt the ettin, but do no damage.
The ettin is heavily wounded.
The ettin hits you with a dire flail!!
* * * LOW HITPOINT WARNING * * *
The ettin hits you with a dire flail!!
* * * LOW HITPOINT WARNING * * *
The orc warrior hits you from afar with a glaive.
* * * LOW HITPOINT WARNING * * *
The orc hits you but does no damage. The orc closely misses you.
You are too injured to fight recklessly!
You hit the ettin.
The ettin is severely wounded.
The ettin hits you with a dire flail!!
You die...

####### ## ##
#######.##..##.###
#.##...#^...........##
...............#.....# *
#...................# *
*, *
##.#))..............#.##
,
####.)....>............#
,
.##..)..........@O..#.#
, *
..#............ooC...# ,
.#)...........$.o$...#
*,
..).....#...........#.#
,
.#)............#........
,
...)..........##........
,, .......##.....
##.......
........##....,
#......,, ........# ##*
* ,,,,


You could see an ettin, an orc warrior, an ogre and 2 orcs.

Vanquished Creatures
  Maud (Lair:4)
  Erolcha (D:8)
  Harold (Lair:4)
  A hydra (Lair:6)
  A catoblepas (Lair:5)
  Erica (D:9)
  3 death yaks (Lair:7)
  Pikel (D:7)
  An ugly thing (D:8)
  2 wolf spiders (Lair:5)
  A cyclops (D:8)
  Joseph (D:7)
  25 elephants
  Maurice (D:8)
  2 black mambas
  9 spiny frogs
  Psyche (D:8)
  A torpor snail (Lair:6)
  5 komodo dragons
  A rime drake (Lair:6)
  A queen bee (D:8)
  A polar bear (Lair:7)
  2 giant leeches (Lair:6)
  Grinder (D:6)
  2 jumping spiders
  A two-headed ogre (D:10)
  20 blink frogs
  Prince Ribbit (D:6)
  A redback (Lair:5)
  Sigmund (D:5)
  A wraith (Ossuary)
  27 yaks
  A wyvern (D:9)
  2 basilisks
  8 hippogriffs
  A hungry ghost (D:7)
  A steam dragon (Lair:4)
  A warg (Orc:1)
  13 water moccasins
  A swamp drake (D:9)
  18 porcupines
  7 orc warriors
  2 sky beasts
  4 ice beasts
  7 ogres
  4 wolves (Lair:4)
  2 phantoms
  5 centaurs (D:5)
  14 crocodiles
  A big kobold (D:9)
  Blork the orc (D:6)
  21 giant frogs
  A wyvern zombie (D:6)
  A water moccasin skeleton (D:6)
  2 scorpions
  21 killer bees
  4 howler monkeys (D:7)
  2 crimson imps (D:9)
  A centaur zombie (D:6)
  A jelly (D:9)
  A human zombie (Ossuary)
  A centaur skeleton (D:9)
  6 orc priests
  7 hounds
  A gnoll shaman (D:5)
  11 orc wizards
  2 giant frog skeletons
  16 iguanas
  10 hell rats (Lair:2)
  5 worker ants
  A killer bee zombie (D:8)
  4 sheep (Lair:2)
  3 hound skeletons
  3 mummies (Ossuary)
  2 worker ant zombies
  10 gnolls
  62 river rats
  10 adders
  A worm (D:2)
  2 dart slugs
  A giant gecko (D:1)
  33 orcs
  2 ball pythons
  16 bats
  2 giant cockroaches
  5 goblins
  6 hobgoblins
  7 kobolds
  5 quokkas
  A giant cockroach zombie (D:6)
  6 giant newts
  2 goblin zombies (Ossuary)
  A hobgoblin zombie (Ossuary)
  A jackal skeleton (D:4)
  3 kobold zombies (Ossuary)
  32 rats
547 creatures vanquished.

Vanquished Creatures (collateral kills)
  Urug (Lair:4)
  A spiny frog (Lair:4)
  3 electric eels (Lair:6)
5 creatures vanquished.

Vanquished Creatures (others)
  2 orc wizards
  18 fungi
  11 plants
31 creatures vanquished.

Grand Total: 583 creatures vanquished

Notes
Turn   | Place    | Note
--------------------------------------------------------------
     0 | D:1      | Kloppie the Deep Dwarf Monk began the quest for the Orb.
     0 | D:1      | Reached XP level 1. HP: 20/20 MP: 1/1
   108 | D:1      | Reached XP level 2. HP: 21/28 MP: 2/2
   711 | D:2      | Reached skill level 4 in Unarmed Combat
   762 | D:2      | Reached XP level 3. HP: 20/34 MP: 3/3
   789 | D:2      | Found a blossoming altar of Fedhas.
   790 | D:2      | Found an ancient bone altar of Kikubaaqudgha.
   790 | D:2      | Found a glowing golden altar of the Shining One.
   791 | D:2      | Found a bloodstained altar of Trog.
   791 | D:2      | Found a shadowy altar of Dithmenos.
   792 | D:2      | Found a shattered altar of Ashenzari.
   792 | D:2      | Found a deep blue altar of Sif Muna.
   793 | D:2      | Found a stormy altar of Qazlal.
  1175 | D:2      | Found a burning altar of Makhleb.
  1175 | D:2      | Noticed an Executioner
  1178 | D:2      | Noticed a neqoxec
  1178 | D:2      | Noticed a ynoxinul
  1180 | D:2      | Became a worshipper of Makhleb the Destroyer
  1180 | D:2      | Reached * piety under Makhleb
  1180 | D:2      | Reached ** piety under Makhleb
  1267 | D:3      | Reached skill level 1 in Armour
  1489 | D:3      | Reached XP level 4. HP: 24/42 MP: 4/4
  1592 | D:3      | Noticed a phantom
  2029 | D:3      | Reached XP level 5. HP: 50/50 MP: 5/5
  2103 | D:4      | Noticed a phantom
  2374 | D:4      | Reached *** piety under Makhleb
  2374 | D:4      | Reached XP level 6. HP: 35/58 MP: 4/4
  2571 | D:4      | Reached skill level 5 in Unarmed Combat
  2663 | D:4      | Found a sparkling altar of Nemelex Xobeh.
  3138 | D:5      | Entered Level 5 of the Dungeon
  3312 | D:5      | Reached skill level 5 in Fighting
  3312 | D:5      | Reached XP level 7. HP: 48/67 MP: 4/4
  3358 | D:5      | Noticed Sigmund
  3636 | D:5      | Killed Sigmund
  3893 | D:5      | Reached skill level 6 in Unarmed Combat
  3917 | D:5      | Reached skill level 5 in Armour
  3917 | D:5      | Reached XP level 8. HP: 40/76 MP: 5/5
  4302 | D:5      | Found an opulent altar of Gozag.
  4589 | D:6      | Noticed Grinder
  4646 | D:6      | Killed Grinder
  4761 | D:6      | Noticed Prince Ribbit
  4796 | D:6      | Reached **** piety under Makhleb
  4819 | D:6      | Noticed Blork the orc
  4844 | D:6      | Killed Blork the orc
  4844 | D:6      | Reached skill level 7 in Unarmed Combat
  5046 | D:6      | Found a sand-covered staircase.
  5053 | Ossuary  | Entered an ossuary
  5098 | Ossuary  | Gained mutation: You passively map the area around you. [Deep Dwarf growth]
  5098 | Ossuary  | Reached XP level 9. HP: 56/86 MP: 4/4
  5681 | D:6      | Found a staircase to the Ecumenical Temple.
  5764 | D:6      | Killed Prince Ribbit
  5927 | D:7      | Reached skill level 1 in Invocations
  5964 | D:7      | Reached skill level 8 in Unarmed Combat
  6028 | D:7      | Found Wanaesas's Magic Scroll Shop.
  6031 | D:7      | Bought a scroll of fear for 49 gold pieces
  6296 | D:7      | Noticed Pikel
  6310 | D:7      | Killed Pikel
  6335 | D:7      | Reached ***** piety under Makhleb
  6500 | D:7      | Noticed Joseph
  6520 | D:7      | Killed Joseph
  6520 | D:7      | Reached XP level 10. HP: 94/94 MP: 8/8
  6696 | D:7      | Reached skill level 5 in Invocations
  7157 | D:8      | Found a white marble altar of Elyvilon.
  7212 | D:8      | Noticed Erolcha
  7240 | D:8      | Killed Erolcha
  7240 | D:8      | Reached skill level 9 in Unarmed Combat
  7634 | D:8      | Noticed a cyclops
  7645 | D:8      | Killed a cyclops
  7645 | D:8      | Reached skill level 10 in Armour
  7844 | D:8      | Noticed a brown ugly thing
  7870 | D:8      | Killed a brown ugly thing
  7969 | D:8      | Noticed Psyche
  7980 | D:8      | Noticed Maurice
  8020 | D:8      | Killed Maurice
  8158 | D:8      | Killed Psyche
  8158 | D:8      | Reached XP level 11. HP: 59/102 MP: 9/9
  8412 | D:9      | Found a radiant altar of Vehumet.
  8608 | D:9      | Reached skill level 10 in Unarmed Combat
  8760 | D:9      | Noticed Erica
  8781 | D:9      | Killed Erica
  9069 | D:9      | Found a staircase to the Orcish Mines.
  9279 | D:9      | Reached ****** piety under Makhleb
  9450 | D:10     | Entered Level 10 of the Dungeon
  9460 | D:10     | Noticed Fannar
  9886 | D:10     | Found a staircase to the Lair.
  9890 | Lair:1   | Entered Level 1 of the Lair of Beasts
 10066 | Lair:1   | Identified a scroll of acquirement
 10355 | Lair:1   | Gained mutation: You are agile. (Dex +2) [potion of beneficial mutation]
 10634 | Lair:1   | Reached skill level 11 in Unarmed Combat
 10925 | Lair:1   | Got a scorched cloak
 10937 | Lair:1   | Identified the +0 cloak of Elyvilon's Outrage {rC+} (You found it on level 1 of the Lair of Beasts)
 11406 | Lair:2   | Reached XP level 12. HP: 72/116 MP: 6/6
 11487 | Lair:2   | Reached skill level 10 in Fighting
 12907 | Lair:4   | Reached skill level 12 in Unarmed Combat
 12967 | Lair:4   | Noticed Harold
 12984 | Lair:4   | Killed Harold
 13035 | Lair:4   | Noticed Maud
 13065 | Lair:4   | Killed Maud
 13178 | Lair:4   | Reached skill level 10 in Invocations
 13410 | Lair:4   | Noticed Urug
 13433 | Lair:4   | Killed Urug
 13712 | Lair:4   | Noticed maxonian's ghost (journeyman GrEE)
 13985 | Lair:5   | Found a hole to the Spider Nest.
 14001 | Lair:5   | Reached XP level 13. HP: 48/127 MP: 7/7
 14395 | Lair:5   | Gained mutation: You have a pair of small horns on your head. [potion of beneficial mutation]
 14638 | Lair:5   | Reached skill level 13 in Unarmed Combat
 15148 | Lair:6   | Got a steaming amethyst amulet
 15149 | Lair:6   | Identified the amulet "Ulusacw" {Harm *Drain Dex+4 Slay+2} (You found it on level 6 of the Lair of Beasts)
 15500 | Lair:6   | Found a staircase to the Swamp.
 15567 | Lair:6   | Found a runed door.
 15567 | Lair:6   | Found a viscous altar of Jiyva.
 15571 | Lair:6   | Found a staircase to the Slime Pits.
 16534 | Lair:7   | Gained mutation: You resist negative energy. [Deep Dwarf growth]
 16534 | Lair:7   | Reached XP level 14. HP: 108/139 MP: 5/5
 17325 | Orc:1    | Entered Level 1 of the Orcish Mines
 17568 | Orc:1    | Slain by an ettin

Skill      XL: |  1  2  3  4  5  6  7  8  9 10 11 12 13 |
---------------+----------------------------------------+-----
Fighting       | 3 4 5 7 9 11 12 | 12.6
Unarmed Combat | 4 5 6 7 8 9 11 12 13 | 13.6
Armour         | 1 2 3 5 6 8 10 11 12 | 12.7
Invocations    | 4 8 10 11 | 11.1
Dodging        | |  3.2
Stealth        | |  2.4

Action                   |  1- 3 |  4- 6 |  7- 9 | 10-12 | 13-15 || total
-------------------------+-------+-------+-------+-------+-------++-------
Melee: Unarmed           |   153 |   299 |   530 |  1649 |   720 ||  3351
       Punch             |     4 |     6 |    13 |    76 |    56 ||   155
       Headbutt          |       |       |       |       |   174 ||   174
Invok: Minor Destruction |       |       |       |    24 |     1 ||    25
       Lesser Servant of |       |       |       |     4 |     1 ||     5
       Major Destruction |       |       |       |     2 |       ||     2
       Greater Servant o |       |       |       |       |     1 ||     1
 Abil: Device Recharging |       |     3 |     2 |     9 |     3 ||    17
Evoke: Wand              |     1 |     9 |    12 |    49 |     8 ||    79
  Use: Scroll            |       |     8 |    11 |     5 |     4 ||    28
       Potion            |       |     1 |     4 |     5 |     3 ||    13
 Stab: Sleeping          |     2 |       |       |       |       ||     2
       Confused          |       |       |       |     8 |       ||     8
       Distracted        |       |       |       |     3 |       ||     3
       Petrified         |       |       |       |       |     2 ||     2
  Eat: Chunk             |     2 |     6 |    18 |    29 |    13 ||    68
       Fruit             |       |       |     2 |       |       ||     2
       Royal jelly       |       |       |     1 |       |       ||     1
Armor: Robe              |     2 |       |       |       |       ||     2
       Ring mail         |    35 |   115 |     5 |       |       ||   155
       Chain mail        |       |       |   260 |     7 |       ||   267
       Skin              |       |       |     3 |       |       ||     3
       Plate armour      |       |       |       |  1038 |   540 ||  1578
Dodge: Dodged            |    78 |   179 |   233 |   542 |   253 ||  1285
